 Dungeon Crawl Stone Soup version 0.19-a0-1886-gd64a0f0 (webtiles) character file.

7504 dvd the Tainter (level 11, -8/67 HPs)
             Began as an Octopode Venom Mage on Oct 16, 2016.
             Was an Elder of Vehumet.
             Mangled by a three-headed hydra (18 damage)
             ... on level 9 of the Dungeon.
             The game lasted 00:40:01 (10489 turns).

dvd the Tainter (Octopode Venom Mage)              Turns: 10489, Time: 00:40:01

Health: -8/67      AC:  1    Str:  8    XL:     11   Next: 16%
Magic:  18/33      EV: 15    Int: 25    God:    Vehumet [****..]
Gold:   188        SH:  8    Dex: 17    Spells: 6 memorised, 9 levels left

rFire  + . .     SeeInvis .     a - +5 broad axe "Qaruis" {holy, rC+ Int+4}
rCold  + . .     Gourm    .     C - +3 buckler
rNeg   . . .     Faith    +     (helmet restricted)
rPois  .         Spirit   .     d - amulet of faith
rElec  .         Dismiss  .     m - +5 ring of dexterity
rCorr  .         Reflect  .     u - ring of magical power
MR     .....     Harm     .     h - ring of protection from fire
Stlth  ++++......               (no ring)
                                (no ring)
                                (no ring)
                                (no ring)
                                (no ring)

@: no status effects
A: almost no armour, stealthy swim, amphibious, 8 rings, constrict 8, camouflage
1, gelatinous body 1
a: Renounce Religion


You were on level 9 of the Dungeon.
You worshipped Vehumet.
Vehumet was greatly pleased with you.
You were not hungry.

You visited 2 branches of the dungeon, and saw 10 of its levels.
You also visited: Sewer.

You collected 713 gold pieces.
You spent 525 gold pieces at shops.

Inventory:

Hand Weapons
 a - the +5 broad axe "Qaruis" (weapon) {holy, rC+ Int+4}
   (You found it on level 8 of the Dungeon)

   It has been blessed by the Shining One to cause great damage to the undead
   and demons.
   It affects your intelligence (+4).
   It protects you from cold.
 b - the +5 mace of the Forsaken Mice {crush, +Rage Dex+2 SInv}
   (You took it off an orc on level 9 of the Dungeon)

   It inflicts extra damage upon your enemies.
   It affects your dexterity (+2).
   It lets you see invisible.
   It lets you go berserk.
 F - a +5 whip of electrocution
 G - a +0 demon trident
Armour
 C - a +3 buckler (worn)
Magical Staves
 D - an uncursed staff of earth
Jewellery
 d - an amulet of faith (around mantle)
 h - a ring of protection from fire (on tentacle)
 m - a +5 ring of dexterity (left tentacle)
 r - an uncursed amulet of the gourmand
 u - a ring of magical power (right tentacle)
 v - an uncursed ring of fire
Wands
 p - a wand of polymorph (15/24)
 x - a wand of slowing (48/48)
 y - a wand of polymorph (6/24)
Scrolls
 c - 2 scrolls of fear
 e - 5 scrolls of teleportation
 f - a scroll of remove curse
 l - 4 scrolls of identify
 w - a scroll of silence
 E - a scroll of amnesia
Potions
 i - 2 potions of curing
 q - 3 potions of haste
 s - 2 potions of heal wounds
 t - 3 potions of mutation
 I - a potion of might
Books
 k - a Young Poisoner's Handbook

   Spells                             Type                      Level
   a - Sting                          Conjuration/Poison           1
   b - Mephitic Cloud                 Conjuration/Poison/Air       3
   c - Olgreb's Toxic Radiance        Poison                       4
   d - Alistair's Intoxication        Transmutation/Poison         5
   e - Venom Bolt                     Conjuration/Poison           5
Comestibles
 g - 3 royal jellies
 o - 3 meat rations
 z - 15 fruits
 B - a beef jerky
 H - 9 chunks of flesh
 J - 7 slices of pizza
 K - 5 bread rations


   Skills:
 + Level 3.1 Fighting
 + Level 2.7(3.9) Axes
 + Level 4.3(4.7) Maces & Flails
 + Level 4.2 Dodging
 + Level 6.0 Stealth
 + Level 2.0 Shields
 + Level 9.3 Spellcasting
 + Level 3.2 Conjurations
 + Level 1.2 Transmutations
 + Level 2.0 Fire Magic
   Level 1.9 Ice Magic
 + Level 11.9 Poison Magic


You had 9 spell levels left.
You knew the following spells:

 Your Spells              Type           Power        Failure   Level  Hunger
a - Sting                 Conj/Pois      ####         1%          1    None
b - Olgreb's Toxic Radia  Pois           ######..     1%          4    #......
c - Ignite Poison         Fire/Tmut/Pois #####...     1%          3    None
d - Searing Ray           Conj           ####..       1%          2    None
e - Sticky Flame          Conj/Fire      ###.....     8%          4    #......
f - Venom Bolt            Conj/Pois      #####.....   3%          5    ####...


Dungeon Overview and Level Annotations

Branches:
Dungeon (9/15)             Temple (1/1) D:5
   Lair: D:8-11         Orc: D:9-12

Altars:
Ashenzari
Cheibriados
Dithmenos
Elyvilon
Fedhas
Gozag
Hepliaklqana
Kikubaaqudgha
Makhleb
Nemelex Xobeh
Okawaru
Qazlal
Ru
Sif Muna
Trog
Uskayaw
Vehumet
Xom
Yredelemnul
Zin
The Shining One

Shops:
D:4 :   D:6 %!**


Innate Abilities, Weirdness & Mutations

You cannot wear most types of armour.
You are very stealthy in the water. (Stealth+)
You are amphibious.
You can wear up to eight rings at the same time.
You can use your tentacles to constrict eight enemies at once.
Your skin changes colour to match your surroundings (Stealth+).
Your rubbery body absorbs attacks. (AC +1, EV +1)


Message History

Casting: Venom Bolt
Confirm with . or Enter, or press ? or * to list all spells.
You can't see any susceptible monsters within range! (Use Z to cast anyway.)
Casting: Venom Bolt
Confirm with . or Enter, or press ? or * to list all spells.
Aiming: Sticky Flame
Press: ? - help, Shift-Dir - straight line, f/p - three-headed hydra
Aim: a three-headed hydra (lightly wounded)
The sticky flame hits the three-headed hydra.
The three-headed hydra is lightly wounded.
The three-headed hydra is covered in liquid flames!
The three-headed hydra burns!
You block the three-headed hydra's attack.
The three-headed hydra bites you. The three-headed hydra bites you!
* * * LOW HITPOINT WARNING * * *
The three-headed hydra burns!
The three-headed hydra burns!
The three-headed hydra bites you!
* * * LOW HITPOINT WARNING * * *
The three-headed hydra bites you!!
You die...

####.# #†# #.#
####÷############
#......#....('%.#
#......#....(#.)#
########......##'')###+#
..............#....^P≈.#
########..@...#.....≈≈P#
#..D...#..P..P)≈#
#......#......≈P#
#......#.≈.≈.≈PP#
#......####.#####
#...........#
#############


You could see a three-headed hydra (burning).

Vanquished Creatures
  Pikel (D:4)
  The ghost of p0werm0de the Martial Artist, a novice DsWr of Cheibriados (D:8)
  A cyclops (D:7)
  A centaur zombie (D:8)
  A gargoyle (D:7)
  A troll (D:8)
  2 dream sheep (D:9)
  A hippogriff (D:7)
  2 yaks (D:9)
  A water moccasin (D:9)
  2 black bears
  3 slaves (D:4)
  3 orc warriors
  An ice beast (D:9)
  Purgy (D:4)
  A sky beast (D:5)
  3 ogres
  2 phantoms
  7 centaurs
  A crocodile (Sewer)
  3 bullfrogs
  4 big kobolds
  2 scorpions
  4 howler monkeys
  11 killer bees
  6 electric eels (D:7)
  The ghost of p0werm0de the Chiller, a weakling DsIE (D:3)
  A quasit (D:8)
  5 crimson imps
  A hound (D:4)
  2 jellies
  2 orc priests
  3 centaur skeletons
  2 iguanas
  10 orc wizards
  3 worker ants
  2 hound skeletons (D:4)
  A worker ant zombie (D:7)
  14 gnolls
  A howler monkey skeleton (D:7)
  13 adders
  2 river rats (D:4)
  2 shadow imps
  An adder skeleton (D:8)
  2 worms (D:4)
  2 dart slugs
  4 leopard geckos
  23 orcs
  5 ball pythons
  9 giant cockroaches
  7 goblins
  A hobgoblin (D:1)
  6 jackals
  6 kobolds
  8 quokkas
  11 bats
  5 frilled lizards
  A leopard gecko skeleton (D:4)
  A quokka skeleton (D:8)
  7 rats
230 creatures vanquished.

Vanquished Creatures (others)
  An orc (D:4)
1 creature vanquished.

Grand Total: 231 creatures vanquished

Notes
Turn   | Place    | Note
-------+----------+-------------------------------------------
     0 | D:1      | dvd the Octopode Venom Mage began the quest for the Orb.
     0 | D:1      | Reached XP level 1. HP: 11/11 MP: 3/3
   117 | D:1      | Reached skill level 5 in Poison Magic
   174 | D:1      | Reached XP level 2. HP: 17/17 MP: 0/5
   425 | D:1      | Reached XP level 3. HP: 21/21 MP: 0/6
  1178 | D:2      | Reached XP level 4. HP: 27/27 MP: 3/8
  1274 | D:2      | Learned a level 4 spell: Olgreb's Toxic Radiance
  1484 | D:3      | Reached skill level 1 in Conjurations
  1484 | D:3      | Reached XP level 5. HP: 15/31 MP: 4/9
  1876 | D:3      | Noticed a phantom
  1921 | D:3      | Found a burning altar of Makhleb.
  2120 | D:3      | Noticed p0werm0de's ghost (weakling DsIE)
  2150 | D:4      | Reached skill level 1 in Maces & Flails
  2209 | D:4      | Reached skill level 6 in Poison Magic
  2257 | D:4      | Noticed a slave
  2257 | D:4      | Noticed a slave
  2258 | D:4      | Noticed Pikel
  2258 | D:4      | Noticed a slave
  2259 | D:4      | Noticed a slave
  2269 | D:4      | Killed a slave
  2271 | D:4      | Killed a slave
  2271 | D:4      | Killed a slave
  2279 | D:4      | Killed Pikel
  2279 | D:4      | Reached skill level 7 in Poison Magic
  2279 | D:4      | Reached XP level 6. HP: 37/37 MP: 2/13
  2279 | D:4      | Reached XP level 7. HP: 42/42 MP: 2/14
  2594 | D:4      | Found Weceh's Book Boutique.
  2632 | D:4      | Found a glowing drain.
  2635 | D:4      | Reached skill level 5 in Spellcasting
  2647 | Sewer    | Entered a sewer
  2717 | Sewer    | Reached skill level 1 in Fighting
  2717 | Sewer    | Reached XP level 8. HP: 48/48 MP: 15/15
  2980 | D:4      | Noticed Purgy
  2989 | D:4      | Killed Purgy
  3178 | D:4      | Found a radiant altar of Vehumet.
  3204 | D:4      | Found a shimmering altar of Xom.
  3209 | D:4      | Found a white marble altar of Elyvilon.
  3221 | D:4      | Found a deep blue altar of Sif Muna.
  3248 | D:4      | Became a worshipper of Vehumet
  3475 | D:3      | Killed p0werm0de's ghost
  3903 | D:5      | Entered Level 5 of the Dungeon
  3981 | D:5      | Reached skill level 8 in Poison Magic
  4027 | D:5      | Found a staircase to the Ecumenical Temple.
  4036 | Temple   | Entered the Ecumenical Temple
  4680 | D:5      | Reached skill level 5 in Stealth
  5588 | D:6      | Reached * piety under Vehumet
  5588 | D:6      | Offered knowledge of Freeze by Vehumet.
  5594 | D:6      | Learned a level 1 spell: Freeze
  5655 | D:6      | Found Oweith's Distillery.
  5662 | D:6      | Bought a potion of heal wounds for 50 gold pieces
  5662 | D:6      | Bought a potion of mutation for 25 gold pieces
  5717 | D:6      | Found Onturch's General Store.
  5787 | D:6      | Found Ceetupyi's General Store.
  5889 | D:6      | Reached XP level 9. HP: 48/54 MP: 18/18
  6028 | D:6      | Reached skill level 9 in Poison Magic
  6095 | D:6      | Reached skill level 1 in Ice Magic
  6252 | D:6      | Found Villemn's Food Boutique.
  6530 | D:7      | Offered knowledge of Searing Ray by Vehumet.
  6531 | D:6      | Reached ** piety under Vehumet
  7050 | D:7      | Learned a level 2 spell: Searing Ray
  7355 | D:7      | Found an opulent altar of Gozag.
  7355 | D:7      | Found a sparkling altar of Nemelex Xobeh.
  7822 | D:7      | Offered knowledge of Ignite Poison by Vehumet.
  7835 | D:7      | Noticed a gargoyle
  7890 | D:7      | Reached skill level 1 in Shields
  8068 | D:6      | Bought an uncursed ring of protection from fire for 375 gold pieces
  8068 | D:6      | Bought a potion of heal wounds for 75 gold pieces
  8268 | D:8      | Reached skill level 10 in Poison Magic
  8268 | D:8      | Reached XP level 10. HP: 37/60 MP: 21/21
  8301 | D:8      | Noticed p0werm0de's ghost (novice DsWr)
  8462 | D:8      | Reached *** piety under Vehumet
  8524 | D:8      | Learned a level 3 spell: Ignite Poison
  8789 | D:8      | Got an encrusted broad axe
  8790 | D:8      | Identified the +5 broad axe "Qaruis" {holy, rC+ Int+4} (You found it on level 8 of the Dungeon)
  8962 | D:8      | Reached skill level 1 in Axes
  8986 | D:8      | Killed p0werm0de's ghost
  9065 | D:8      | Reached skill level 11 in Poison Magic
  9065 | D:8      | Offered knowledge of Sticky Flame by Vehumet.
  9294 | D:8      | Learned a level 4 spell: Sticky Flame
  9404 | D:7      | Killed a gargoyle
  9404 | D:7      | Reached skill level 1 in Transmutations
  9573 | D:7      | Noticed a cyclops
  9579 | D:7      | Killed a cyclops
  9948 | D:7      | Learned a level 5 spell: Venom Bolt
  9984 | D:7      | Reached skill level 1 in Fire Magic
 10055 | D:9      | Reached **** piety under Vehumet
 10087 | D:9      | Found a shimmering altar of Xom.
 10145 | D:9      | Offered knowledge of Yara's Violent Unravelling by Vehumet.
 10153 | D:9      | Got an ichor-stained mace {crush}
 10156 | D:9      | Identified the +5 mace of the Forsaken Mice {crush, +Rage Dex+2 SInv} (You took it off an orc on level 9 of the Dungeon)
 10307 | D:9      | Reached XP level 11. HP: 66/66 MP: 24/24
 10466 | D:9      | Noticed a three-headed hydra
 10489 | D:9      | Mangled by a three-headed hydra

Vault maps used:
D:1:      dpeg_arrival_shelter
D:3:      serial_bayou_ford_a, lemuel_tele_altar
D:4:      grunt_temple_overflow_cloverleaf, portal_sewer_entry_e, serial_shops,
          nicolae_shop_waterfront, uniq_pikel, uniq_purgy
D:5:      first_bread
D:6:      serial_shops, nicolae_shop_waterfront, shop, shop, nicolae_shop_trees
D:7:      cheibrodos_two_vegetables, grunt_temple_overflow_opulence
D:9:      basic_altar, serial_glass, glass_columns_a, glass_columns_a,
          glass_columns_a, glass_columns_b, glass_columns_a, glass_columns_a,
          hangedman_ranch
Temple:   regret_index_temple_waves
Sewer:    sewer_big_baddie

Skill      XL: |  1  2  3  4  5  6  7  8  9 10 11 |
---------------+----------------------------------+-----
Poison Magic   | 5 7 8 10 11 | 11.9
Stealth        | 3 4 5 6 |  6.0
Spellcasting   | 3 4 5 6 7 9 |  9.3
Conjurations   | 1 2 3 |  3.2
Maces & Flails | 1 2 3 4 |  4.3
Fighting       | 1 2 3 |  3.1
Dodging        | 3 4 |  4.2
Ice Magic      | 1 |  1.9
Shields        | 1 2 |  2.0
Axes           | 2 |  2.7
Transmutations | 1 |  1.2
Fire Magic     | 1 2 |  2.0

Action                   |  1- 3 |  4- 6 |  7- 9 | 10-12 || total
-------------------------+-------+-------+-------+-------++-------
Melee: Whip              |    11 |    22 |   124 |    11 ||   168
       Constrict         |     3 |     5 |    20 |     9 ||    37
       Tentacles         |     2 |     3 |    20 |     7 ||    32
       Broad axe         |       |       |       |    33 ||    33
 Cast: Sting             |    44 |    26 |    56 |     3 ||   129
       Olgreb's Toxic Ra |       |     8 |    52 |    31 ||    91
       Freeze            |       |       |    16 |       ||    16
       Ignite Poison     |       |       |       |    18 ||    18
       Searing Ray       |       |       |       |     4 ||     4
       Sticky Flame      |       |       |       |     4 ||     4
       Venom Bolt        |       |       |       |     1 ||     1
  Use: Scroll            |       |       |    17 |     5 ||    22
       Potion            |       |       |    11 |     1 ||    12
 Stab: Sleeping          |       |     2 |     8 |     3 ||    13
  Eat: Chunk             |     1 |     5 |    25 |     7 ||    38
       Meat ration       |       |       |     1 |       ||     1
       Fruit             |       |       |     1 |       ||     1
Armor: Skin              |     3 |     4 |     6 |     1 ||    14
Dodge: Dodged            |     8 |    13 |    86 |    41 ||   148
Block: Buckler           |       |       |    38 |    24 ||    62
